 Dungeon Crawl Stone Soup version 0.16.2-12-gd0ad4c3 (webtiles) character file.

32304 faibistes the Thaumaturge (level 13, -10/72 HPs)
             Began as a Deep Elf Wizard on Jan 15, 2019.
             Was the Champion of Sif Muna.
             Mangled by a spiny frog (17 damage)
             ... on level 7 of the Lair of Beasts.
             The game lasted 01:28:14 (28417 turns).

faibistes the Thaumaturge (Deep Elf Wizard)        Turns: 28417, Time: 01:28:15

Health: -10/72     AC:  8    Str:  4    XL:     13   Next: 30%
Magic:  26/45      EV: 15    Int: 29    God:    Sif Muna [******]
Gold:   1088       SH:  0    Dex: 10    Spells: 9 memorised, 16 levels left

rFire  . . .     SeeInvis .     w - +2 dagger (venom)
rCold  . . .     Clarity  .     f - +1 animal skin
rNeg   . . .     SustAb   .     (no shield)
rPois  +         Gourm    .     b - +0 hat
rElec  .         Spirit   .     o - +2 cloak
rCorr  .         Warding  .     B - +0 pair of gloves
rMut   .         Stasis   .     W - +0 pair of boots
MR     +....                    (no amulet)
Stlth  +++.......               a - ring "Koitis" {rPois MP+9 Dex-3 Stlth+} (curse)
                                L - ring of wizardry

@: repel missiles, somewhat resistant to hostile enchantments, fairly stealthy
A: no striking features
a: Channel Energy, Forget Spell, Renounce Religion


You were on level 7 of the Lair of Beasts.
You worshipped Sif Muna.
Sif Muna was exalted by your worship.
You were not hungry.

You visited 3 branches of the dungeon, and saw 22 of its levels.

You collected 1088 gold pieces.

Inventory:

Hand weapons
 h - the +7 dagger "Hues" {pierce, rPois rN+ Str+4}
   (You found it on level 1 of the Lair of Beasts)

   It inflicts extra damage upon your enemies.
   It affects your strength (+4).
   It protects you from poison.
   It protects you from negative energy.
 w - a +2 dagger of venom (weapon)
 V - a +1 dagger of flaming
Armour
 b - a +0 hat (worn)
 f - a +1 animal skin (worn)
 o - a +2 cloak (worn)
 B - a +0 pair of gloves (worn)
 W - a +0 pair of boots (worn)
Jewellery
 a - the cursed ring "Koitis" (right hand) {rPois MP+9 Dex-3 Stlth+}
   (You found it on level 6 of the Lair of Beasts)

   [ring of dexterity]

   It affects your dexterity (-3).
   It protects you from poison.
   It affects your magic capacity (+9).
   It makes you more stealthy.
   It has a curse placed upon it.
 s - an uncursed ring of protection from fire
 v - the ring "Smyhotoo" {Contam +Inv rElec rN+ SInv Stlth+}
   (You found it on level 6 of the Lair of Beasts)

   [ring of see invisible]

   It insulates you from electricity.
   It protects you from negative energy.
   It enhances your eyesight.
   It lets you turn invisible.
   It causes magical contamination when unequipped.
   It makes you more stealthy.
 E - an uncursed ring of protection from cold
 I - a +4 ring of intelligence
 L - a ring of wizardry (left hand)
 T - an uncursed ring of poison resistance
Magical devices
 q - a wand of flame (20)
 y - a wand of slowing (31)
 z - a wand of digging (7)
 O - a wand of paralysis (14)
 R - a wand of confusion (14)
 S - a wand of confusion (10)
 Y - a wand of cold (9)
Scrolls
 t - 9 scrolls of remove curse
 C - 2 scrolls of teleportation
 G - a scroll of fog
 K - 2 scrolls of fear
 Q - 3 scrolls of magic mapping
 X - a scroll of amnesia
 Z - a scroll of blinking
Potions
 e - a potion of lignification
 g - a potion of berserk rage
 i - a potion of cancellation
 j - 2 potions of invisibility
 l - a potion of ambrosia
 n - 6 potions of restore abilities
 p - a potion of cure mutation
 r - 5 potions of haste
 x - a potion of agility {unknown}
 D - 4 potions of magic
 J - 2 potions of curing
 M - 2 potions of resistance
 N - a potion of brilliance {unknown}
 P - a potion of mutation {unknown}
Books
 m - a book of Envenomations

   Spells                             Type                      Level
   a - Spider Form                    Transmutation/Poison         3
   b - Alistair's Intoxication        Transmutation/Poison         4
   c - Olgreb's Toxic Radiance        Poison                       4
   d - Poisonous Cloud                Conjuration/Poison/Air       6
 A - a Grand Grimoire {highlevel, unknown}

   This book is beyond your current level of understanding.

   Spells                             Type                      Level
   a - Aura of Abjuration             Summoning                    6
   b - Summon Greater Demon           Summoning                    7
   c - Malign Gateway                 Summoning/Translocation      7
   d - Summon Horrible Things         Summoning                    8
 F - a book of Clouds

   Spells                             Type                      Level
   a - Mephitic Cloud                 Conjuration/Poison/Air       3
   b - Conjure Flame                  Conjuration/Fire             3
   c - Poisonous Cloud                Conjuration/Poison/Air       6
   d - Freezing Cloud                 Conjuration/Ice/Air          6
   e - Ring of Flames                 Charms/Fire                  7
Comestibles
 c - 16 fruits
 d - 11 bread rations
 k - 6 meat rations
 u - 2 royal jellies
 H - a chunk of flesh
 U - 2 poisonous chunks of flesh


   Skills:
 + Level 4.9 Fighting
 + Level 9.1 Dodging
 - Level 2.4 Stealth
 * Level 13.6 Spellcasting
 * Level 9.0 Conjurations
 * Level 7.2 Charms
 - Level 5.3 Summonings
 + Level 6.5 Translocations
 * Level 9.0 Fire Magic
 - Level 3.8 Air Magic
 - Level 2.7 Poison Magic
 * Level 8.9 Invocations
 + Level 6.4 Evocations


You had 16 spell levels left.
You knew the following spells:

 Your Spells              Type           Power        Failure   Level  Hunger
a - Magic Dart            Conj           ####         1%          1    None
b - Conjure Flame         Conj/Fire      ######..     1%          3    None
c - Summon Forest         Summ/Tloc      ######....   4%          5    #......
d - Blink                 Tloc           N/A          1%          2    None
e - Mephitic Cloud        Conj/Pois/Air  ######..     1%          3    None
f - Repel Missiles        Chrm/Air       ######       1%          2    None
g - Shroud of Golubria    Chrm/Tloc      ######....   1%          2    None
h - Call Imp              Summ           ######..     1%          2    None
i - Regeneration          Chrm/Necr      #####.....   1%          3    None


Dungeon Overview and Level Annotations

Branches:
Dungeon (13/15)            Temple (1/1) D:4            Lair (8/8) D:11
 Shoals (0/5) Lair:5       Spider (0/5) Lair:3          Orc (0/4) D:9
  Slime: Lair:6-8    Vaults: D:13-14

Altars:
Ashenzari
Cheibriados
Dithmenos
Elyvilon
Fedhas
Gozag
Kikubaaqudgha
Makhleb
Nemelex Xobeh
Okawaru
Qazlal
Ru
Sif Muna
Trog
Vehumet
Xom
Yredelemnul
Zin
The Shining One
Beogh

Shops:
D:5 [

Portals:
Trove: D:12 (show slimy rune of Zot)


Message History

Confirm with . or Enter, or press ? or * to list all spells.
Aiming: Mephitic Cloud
Press: ? - help, Shift-Dir - straight line The ball explodes into a vile cloud!
The stinking cloud engulfs the spiny frog.
The spiny frog is severely wounded.
The stinking cloud engulfs the sheep.
The sheep is lightly wounded.
The komodo dragon bites your dryad!
Your dryad hits the sheep but does no damage.
The sheep is engulfed in noxious fumes.
The sheep appears confused.
The sheep bites the spiny frog.
The komodo dragon bites your dryad!
Your dryad calls out to the forest.
Vines fly forth from the trees!
The sheep is engulfed in noxious fumes.
The sheep appears confused.
The spiny frog barely misses you.
You hit the spiny frog but do no damage.
The spiny frog is severely wounded.
The spiny frog stings you!
You die...

## .........♣♣......
... .................
....
......♣..♣*.......
...
....[...§§w.........
....
......§§§...†.♣.....
#...
......§§Y...........
..#.P
.......§.lR.<♣.......
.....
.........F..♣†..†..#.
#....
....#....@.#......##
.....
#......♣.......# ....
#......#.......# ....
#.##...#......# ....
#P. #..♣.#♣...P ...
.. .......♣.. # .
....... . .....Y..
...


You could see an elephant, a komodo dragon, a spiny frog, a sheep (confused) and
a friendly dryad.

Vanquished Creatures
  4 hydras
  Harold (D:12)
  A death yak (Lair:5)
  An unseen horror (D:11)
  2 hill giants
  An orc knight (D:12)
  A cyclops (D:11)
  The ghost of faibistes the Thaumaturge, an experienced DEWz (D:7)
  8 spiny frogs
  5 black mambas
  A komodo dragon (Lair:6)
  A gargoyle (D:9)
  2 fire drakes
  A troll (D:12)
  A polar bear (Lair:3)
  Grinder (D:2)
  7 blink frogs
  4 basilisks
  A wyvern (D:11)
  A deep elf mage (D:10)
  A spriggan (D:11)
  4 hungry ghosts
  13 yaks
  Grum (D:9)
  7 wolves
  7 hippogriffs
  2 water moccasins
  3 ice beasts
  9 orc warriors
  4 porcupines
  2 sky beasts
  A phantom (D:6)
  2 wasps
  7 centaurs
  2 black bears
  A boring beetle (Lair:5)
  A necrophage (D:6)
  8 crocodiles
  5 ogres
  Sigmund (D:3)
  Blork the orc (D:4)
  A wyvern zombie (D:10)
  12 giant frogs
  A wyvern skeleton (D:7)
  5 big kobolds
  3 scorpions
  8 wights (D:7)
  2 goliath beetles
  15 killer bees
  A quasit (D:11)
  3 centaur skeletons
  10 crimson imps
  A gnoll shaman (D:5)
  6 hounds
  7 jellies
  11 orc priests
  13 worker ants
  2 centaur zombies
  16 orc wizards
  A giant frog skeleton (D:7)
  8 iguanas
  18 sheep
  2 hound zombies
  2 hound skeletons (D:10)
  7 gnolls
  26 adders
  24 river rats
  3 shadow imps
  A worm (D:4)
  2 giant mites
  An adder skeleton (D:8)
  11 giant geckos
  An ooze (D:3)
  57 orcs
  A bat zombie (D:8)
  5 giant cockroaches
  2 gnoll zombies (D:3)
  9 goblins
  14 hobgoblins
  15 jackals
  45 kobolds
  8 quokkas
  A ball python (D:3)
  13 bats
  2 giant newts
  2 giant spores (D:7)
  A quokka skeleton (D:6)
  10 rats
  3 ballistomycetes (D:7)
  A snaplasher vine (Lair:1)
540 creatures vanquished.

Vanquished Creatures (collateral kills)
  2 death yaks (Lair:5)
  4 spiny frogs
  2 black mambas
  A komodo dragon (Lair:1)
  6 blink frogs (Lair:1)
  A tarantella (Lair:3)
  4 yaks (Lair:4)
  3 water moccasins
  4 wolves (Lair:8)
  A porcupine (Lair:7)
  An orc warrior (D:12)
  A crocodile (Lair:4)
  2 giant frogs (Lair:4)
  3 killer bees (D:11)
  4 wights (D:7)
  Crazy Yiuf (D:2)
  An iguana (Lair:1)
  A sheep (D:11)
  26 river rats
  An adder (Lair:6)
  An orc (D:12)
  A kobold (D:7)
  16 fungi
  8 plants
95 creatures vanquished.

Vanquished Creatures (others)
  2 dryads
  A shadow imp (D:11)
  10 fungi
  4 plants
  3 snaplasher vines (Lair:1)
  1382 snaplasher vine segments
1402 creatures vanquished.

Grand Total: 2037 creatures vanquished

Notes
Turn   | Place    | Note
--------------------------------------------------------------
     0 | D:1      | faibistes, the Deep Elf Wizard, began the quest for the Orb.
     0 | D:1      | Reached XP level 1. HP: 10/10 MP: 6/6
   207 | D:1      | Reached XP level 2. HP: 12/15 MP: 0/10
   270 | D:1      | Learned a level 2 spell: Blink
   273 | D:1      | Learned a level 2 spell: Call Imp
   440 | D:1      | Reached skill level 5 in Spellcasting
   675 | D:2      | Reached XP level 3. HP: 15/19 MP: 6/14
   680 | D:2      | Learned a level 3 spell: Conjure Flame
   684 | D:2      | Learned a level 3 spell: Mephitic Cloud
   768 | D:3      | Noticed Grinder
   920 | D:2      | Reached XP level 4. HP: 13/24 MP: 7/17
   983 | D:2      | Killed Grinder
   983 | D:2      | Reached skill level 6 in Spellcasting
   983 | D:2      | Reached XP level 5. HP: 21/28 MP: 11/21
  1043 | D:3      | Reached XP level 6. HP: 29/32 MP: 20/22
  1104 | D:3      | Learned a level 2 spell: Repel Missiles
  1491 | D:1      | You fall through a shaft!
  1838 | D:2      | Noticed Crazy Yiuf
  1886 | D:2      | Killed Crazy Yiuf
  2108 | D:3      | Found a basalt altar of Yredelemnul.
  2410 | D:3      | Noticed Sigmund
  2422 | D:3      | Killed Sigmund
  2422 | D:3      | Reached skill level 7 in Spellcasting
  3057 | D:4      | Found a shimmering altar of Xom.
  3275 | D:4      | Reached XP level 7. HP: 37/37 MP: 15/25
  3344 | D:5      | Entered Level 5 of the Dungeon
  3423 | D:4      | Reached skill level 1 in Fighting
  3576 | D:4      | Found a blossoming altar of Fedhas.
  3577 | D:4      | Noticed Blork the orc
  3593 | D:4      | Killed Blork the orc
  3647 | D:4      | Found a radiant altar of Vehumet.
  3647 | D:4      | Found a shattered altar of Ashenzari.
  3651 | D:4      | Found an ancient bone altar of Kikubaaqudgha.
  3654 | D:4      | Found a sacrificial altar of Ru.
  3993 | D:4      | Found a staircase to the Ecumenical Temple.
  4009 | Temple   | Entered the Ecumenical Temple
  4070 | Temple   | Became a worshipper of Sif Muna the Loreminder
  4146 | D:4      | Reached skill level 8 in Spellcasting
  4292 | D:4      | Reached skill level 1 in Air Magic
  4557 | D:4      | Learned a level 2 spell: Shroud of Golubria
  4702 | D:4      | Reached skill level 5 in Dodging
  4702 | D:4      | Reached skill level 1 in Poison Magic
  4726 | D:4      | Reached skill level 1 in Fire Magic
  4952 | D:5      | Found Bariof's Armour Shoppe.
  5318 | D:5      | Reached XP level 8. HP: 37/43 MP: 19/27
  5330 | D:5      | Acquired Sif Muna's first power
  5732 | D:5      | Reached skill level 5 in Conjurations
  5758 | D:5      | Got an iridescent dagger
  5759 | D:5      | Identified the cursed +0 dagger of World's End {drain, rPois rN+ Str+3 Int-3 Dex+3} (You found it on level 5 of the Dungeon)
  6098 | D:6      | Reached skill level 9 in Spellcasting
  6581 | D:6      | Acquired Sif Muna's second power
  7604 | D:7      | Reached XP level 9. HP: 48/48 MP: 18/30
  7799 | D:7      | Found a sparkling altar of Nemelex Xobeh.
  7851 | D:7      | Reached skill level 10 in Spellcasting
  7851 | D:7      | Reached skill level 1 in Charms
  8246 | D:7      | Reached skill level 1 in Invocations
  8380 | D:7      | Noticed faibistes' ghost (experienced DEWz)
  8494 | D:7      | Killed faibistes' ghost
  8494 | D:7      | Reached skill level 1 in Evocations
  9066 | D:6      | Learned a level 5 spell: Summon Forest
 10166 | D:8      | Reached XP level 10. HP: 44/54 MP: 25/31
 11705 | D:9      | Acquired Sif Muna's third power
 11830 | D:10     | Entered Level 10 of the Dungeon
 12174 | D:9      | Found a glowing silver altar of Zin.
 12426 | D:9      | Noticed Grum
 12451 | D:9      | Killed Grum
 12962 | D:9      | Reached skill level 11 in Spellcasting
 13138 | D:9      | Reached skill level 5 in Fire Magic
 13194 | D:10     | Noticed a hill giant
 13203 | D:10     | Killed a hill giant
 13203 | D:10     | Reached skill level 5 in Invocations
 13950 | D:11     | Noticed a cyclops
 13958 | D:11     | Reached XP level 11. HP: 54/60 MP: 21/33
 13995 | D:11     | Killed a cyclops
 14046 | D:11     | Reached skill level 5 in Summonings
 14192 | D:9      | Found a staircase to the Orcish Mines.
 14197 | D:9      | Found a roughly hewn altar of Beogh.
 14660 | D:10     | Found a snail-covered altar of Cheibriados.
 15860 | D:11     | Found a staircase to the Lair.
 15869 | D:11     | Noticed a hill giant
 15893 | D:12     | Found a roughly hewn altar of Beogh.
 15913 | D:12     | Found a portal to a secret trove of treasure.
 15941 | D:12     | Noticed Harold
 15955 | D:11     | Noticed a hill giant
 15971 | D:11     | Killed a hill giant
 16439 | D:11     | Reached skill level 5 in Charms
 16666 | D:11     | Killed an unseen horror
 16666 | D:11     | Reached skill level 5 in Translocations
 16941 | D:12     | Killed Harold
 17234 | D:12     | Reached skill level 12 in Spellcasting
 17579 | D:12     | Reached skill level 5 in Evocations
 17631 | D:13     | Noticed a tengu warrior
 17948 | D:11     | Noticed a hill giant
 18251 | Lair:1   | Entered Level 1 of the Lair of Beasts
 18554 | D:11     | Noticed a hill giant
 19123 | Lair:1   | Reached XP level 12. HP: 58/66 MP: 30/35
 19167 | Lair:1   | Got an iridescent dagger
 19168 | Lair:1   | Identified the +7 dagger "Hues" {pierce, rPois rN+ Str+4} (You found it on level 1 of the Lair of Beasts)
 19548 | Lair:2   | Learned a level 3 spell: Regeneration
 19612 | Lair:1   | Received a gift from Sif Muna
 19613 | Lair:1   | Identified Sif Muna's Catalogue of Conjuration (Sif Muna gifted it to you on level 1 of the Lair of Beasts)
 19851 | Lair:1   | Noticed a seven-headed hydra
 19871 | Lair:1   | Killed a seven-headed hydra
 20017 | Lair:1   | Noticed a five-headed hydra
 20036 | Lair:1   | Killed a five-headed hydra
 21782 | Lair:3   | Noticed a six-headed hydra
 21792 | Lair:3   | Killed a six-headed hydra
 22414 | Lair:3   | Found a hole to the Spider Nest.
 24257 | Lair:5   | Reached skill level 13 in Spellcasting
 25517 | Lair:5   | Found a staircase to the Shoals.
 25545 | Lair:5   | Reached XP level 13. HP: 32/72 MP: 14/36
 27346 | Lair:6   | Got a glittering copper ring
 27437 | Lair:8   | Entered Level 8 of the Lair of Beasts
 27929 | Lair:5   | Identified the cursed ring "Koitis" {rPois MP+9 Dex-3 Stlth+} (You found it on level 6 of the Lair of Beasts)
 28013 | Lair:6   | Got a brightly glowing robe
 28024 | Lair:6   | Identified the +1 robe of Prech {-Cast rN+ MR++ Dex+6} (You found it on level 6 of the Lair of Beasts)
 28083 | Lair:6   | Got a vibrating lapis lazuli ring
 28085 | Lair:6   | Identified the ring "Smyhotoo" {Contam +Inv rElec rN+ SInv Stlth+} (You found it on level 6 of the Lair of Beasts)
 28417 | Lair:7   | Mangled by a spiny frog

Action                   |  1- 3 |  4- 6 |  7- 9 | 10-12 | 13-15 || total
-------------------------+-------+-------+-------+-------+-------++-------
Melee: Dagger            |     1 |    40 |   127 |   543 |    70 ||   781
 Cast: Magic Dart        |    57 |   141 |   496 |   605 |   169 ||  1468
       Blink             |     2 |     6 |     9 |    33 |     9 ||    59
       Conjure Flame     |     1 |     7 |    34 |   114 |    18 ||   174
       Mephitic Cloud    |     1 |     5 |    22 |   125 |    10 ||   163
       Repel Missiles    |       |     1 |     1 |     4 |     1 ||     7
       Call Imp          |       |     1 |       |     3 |       ||     4
       Summon Forest     |       |       |     3 |    21 |     8 ||    32
       Shroud of Golubri |       |       |       |    20 |    13 ||    33
       Regeneration      |       |       |       |    17 |    10 ||    27
Invok: Channel Energy    |       |       |       |    11 |     3 ||    14
Evoke: Wand              |       |       |       |     5 |     2 ||     7
  Use: Scroll            |       |     3 |     4 |    21 |     1 ||    29
       Potion            |       |     1 |       |     2 |     4 ||     7
 Stab: Confused          |       |       |     2 |    31 |     1 ||    34
       Sleeping          |       |       |     1 |     2 |       ||     3
       Distracted        |       |       |       |     2 |       ||     2
       Paralysed         |       |       |       |    11 |       ||    11
  Eat: Chunk             |       |     6 |    19 |    48 |     6 ||    79
       Beef jerky        |       |       |     2 |     1 |     1 ||     4
       Pizza             |       |       |       |     1 |     2 ||     3
       Fruit             |       |       |       |       |     1 ||     1
